 Dungeon Crawl Stone Soup version 0.29-a0-409-gd843f3a48c (webtiles) character file.

Game seed: 4167171717414763863

465025 holysushi the Ninja (level 25, -65/160 HPs)
             Began as a Kobold Monk on May 14, 2022.
             Was the Champion of Dithmenos.
             Killed from afar by a living spell (66 damage)
             ... with a crystal spear
             ... summoned by a walking crystal tome
             ... on level 3 of the Depths.
             The game lasted 01:59:34 (60100 turns).

holysushi the Ninja (Kobold Monk)                  Turns: 60100, Time: 01:59:34

Health: -65/160    AC: 17    Str: 14    XL:     25   Next: 43%
Magic:  36/36      EV: 55    Int: 16    God:    Dithmenos [******]
Gold:   3977       SH:  5    Dex: 32    Spells: 23/24 levels left

rFire   . . .      SeeInvis +   Y - +9 quick blade (flame)
rCold   . . .      Faith    .   (no shield)
rNeg    . . .      Spirit   .   Z - +2 robe "Gerrainn" {Rampage Drain Fly Slay+6}
rPois   +          Reflect  +   W - +2 helmet of Beauty {rPois Will+}
rElec   .          Harm     .   j - +2 cloak
rCorr   .          Rampage  +   a - +1 pair of gloves
Will    +++..                   o - +4 pair of boots of the Manifold Defenders {Str+3 Stlth+} Stlth ####******
                                u - amulet of the Camelopard {Reflect Regen+ SH+5}
HPRegen 1.16/turn               l - ring "Xaifaz" {Will+ EV+4 Str+2 Int+2 SInv}
MPRegen 0.25/turn               F - +6 ring of dexterity

@: flying, wreathed by umbra
A: small, no large weapons, nightstalker 3
}: 3/15 runes: decaying, serpentine, silver
a: Renounce Religion, Shadow Step, Shadow Form


You were on level 3 of the Depths.
You worshipped Dithmenos.
Dithmenos was exalted by your worship.
You visited 9 branches of the dungeon, and saw 43 of its levels.
You also visited: Bailey, Gauntlet and Ice Cave.

You collected 6065 gold pieces.
You spent 2088 gold pieces at shops.

Inventory:

Hand Weapons
 Y - a +9 quick blade of flaming (weapon)
Armour
 a - a +1 pair of gloves (worn)
 j - a +2 cloak (worn)
 o - the +4 pair of boots of the Manifold Defenders (worn) {Str+3 Stlth+}
   (You acquired it in a bailey)

   Str:       It affects your strength (+3).
   Stlth:     It makes you more stealthy.
 W - the +2 helmet of Beauty (worn) {rPois Will+}
   (You found it in a Gauntlet)

   rPois:     It protects you from poison.
   Will:      It increases your willpower.
 Z - the +2 robe "Gerrainn" (worn) {Rampage Drain Fly Slay+6}
   (You found it on level 3 of the Elven Halls)

   Slay:      It affects your accuracy & damage with ranged weapons and melee
   (+6).
   Fly:       It grants you flight.
   Drain:     It drains your maximum health when unequipped.
   Rampage:   It bestows one free step when moving towards enemies.
Jewellery
 k - a ring of protection from cold
 l - the ring "Xaifaz" (left hand) {Will+ EV+4 Str+2 Int+2 SInv}
   (You acquired it on level 7 of the Dungeon)

   [ring of evasion]

   EV:        It affects your evasion (+4).
   Str:       It affects your strength (+2).
   Int:       It affects your intelligence (+2).
   SInv:      It lets you see invisible.
   Will:      It increases your willpower.
 u - the amulet of the Camelopard (around neck) {Reflect Regen+ SH+5}
   (You bought it in a shop on level 3 of the Snake Pit)

   [amulet of reflection]

   It reflects blocked missile attacks.
   Regen:     It increases your rate of health regeneration.
   SH:        It affects your SH (+5).
 w - a +6 ring of intelligence
 y - a ring of resist corrosion
 F - a +6 ring of dexterity (right hand)
 T - the ring of Ethics {Fly rPois Will+ Str-3}
   (You bought it in a shop on level 2 of the Orcish Mines)

   [ring of flight]

   Str:       It affects your strength (-3).
   rPois:     It protects you from poison.
   Fly:       It grants you flight.
   Will:      It increases your willpower.
 U - the ring "Liam" {rF++ EV+4}
   (You found it on level 3 of the Elven Halls)

   [ring of evasion]

   EV:        It affects your evasion (+4).
   rF:        It greatly protects you from fire.
Wands
 b - a wand of polymorph (9)
 v - a wand of acid (7)
 x - a wand of flame (127)
 G - a wand of digging (27)
 J - a wand of iceblast (30)
 O - a wand of charming (9)
 X - a wand of paralysis (24)
Scrolls
 f - 7 scrolls of fear
 g - 20 scrolls of teleportation
 i - 8 scrolls of amnesia
 m - 2 scrolls of brand weapon
 r - 9 scrolls of enchant armour
 s - 5 scrolls of vulnerability
 z - 14 scrolls of poison
 E - 3 scrolls of fog
 K - 3 scrolls of summoning
 M - 5 scrolls of magic mapping
 N - 3 scrolls of silence
 P - 4 scrolls of blinking
Potions
 c - 13 potions of ambrosia
 d - 6 potions of lignification
 e - 14 potions of haste
 n - 18 potions of curing
 p - 13 potions of magic
 q - 14 potions of might
 t - 9 potions of attraction
 A - 5 potions of brilliance
 B - 4 potions of flight
 C - 8 potions of heal wounds
 D - a potion of invisibility
 H - a potion of cancellation
 L - 5 potions of resistance
 Q - 5 potions of berserk rage
 R - 5 potions of mutation
Miscellaneous
 h - a phantom mirror
 I - a box of beasts
 S - a phial of floods
 V - a condenser vane


   Skills:
 + Level 17.2 Fighting
 + Level 24.0 Short Blades
 O Level 27 Dodging
 O Level 27 Stealth
 + Level 18.2 Invocations
 - Level 12.0 Evocations


You had 23 spell levels left.
You knew the following spells:

 Your Spells              Type           Power      Damage    Failure   Level
a - Apportation           Tloc           0%         N/A       26%         1

Your spell library contained the following spells:

 Spells                   Type           Power      Damage    Failure   Level
 Animate Skeleton         Necr           0%         N/A       26%         1
 Foxfire                  Conj/Fire      0%         2x1d4     26%         1
 Freeze                   Ice            0%         1d3       26%         1
 Magic Dart               Conj           0%         1d3       26%         1
 Pain                     Necr           0%         1d4       26%         1
 Sandblast                Erth           0%         2d4       26%         1
 Shock                    Conj/Air       0%         1d3       26%         1
 Slow                     Hex            0%         N/A       26%         1
 Sting                    Tmut/Pois      0%         1d3       26%         1
 Summon Small Mammal      Summ           0%         N/A       26%         1
 Blink                    Tloc           0%         N/A       36%         2
 Corpse Rot               Necr/Air       0%         N/A       36%         2
 Ensorcelled Hibernation  Hex/Ice        0%         N/A       36%         2
 Passwall                 Tmut/Erth      0%         N/A       36%         2
 Poisonous Vapours        Pois/Air       0%         N/A       36%         2
 Searing Ray              Conj           0%         2d4       36%         2
 Confusing Touch          Hex            0%         N/A       58%         3
 Dazzling Flash           Conj/Hex       0%         N/A       58%         3
 Frozen Ramparts          Ice            0%         1d2       58%         3
 Gell's Gravitas          Tloc           0%         N/A       58%         3
 Lesser Beckoning         Tloc           0%         N/A       58%         3
 Mephitic Cloud           Conj/Pois/Air  0%         N/A       58%         3
 Portal Projectile        Hex/Tloc       0%         N/A       58%         3
 Spider Form              Tmut/Pois      0%         N/A       58%         3
 Stone Arrow              Conj/Erth      0%         3d7       58%         3
 Swiftness                Air            0%         N/A       58%         3
 Teleport Other           Tloc           0%         N/A       58%         3
 Tukima's Dance           Hex            0%         N/A       58%         3
 Vampiric Draining        Necr           0%         2d6       58%         3
 Airstrike                Air            0%         N/A       94%         4
 Anguish                  Hex/Necr       0%         N/A       94%         4
 Animate Dead             Necr           0%         N/A       94%         4
 Dispel Undead            Necr           0%         3d6       94%         4
 Fulminant Prism          Conj/Hex       0%         3d6       94%         4
 Hailstorm                Conj/Ice       0%         3d3       94%         4
 Ice Form                 Ice/Tmut       0%         N/A       94%         4
 Iskenderun's Mystic Bla  Conj/Tloc      0%         2d3       94%         4
 Olgreb's Toxic Radiance  Pois           0%         N/A       94%         4
 Passage of Golubria      Tloc           0%         N/A       94%         4
 Summon Ice Beast         Ice/Summ       0%         N/A       94%         4
 Summon Lightning Spire   Summ/Air       0%         N/A       94%         4
 Agony                    Necr           0%         N/A       100%        5
 Alistair's Intoxication  Tmut/Pois      0%         N/A       100%        5
 Borgnjor's Vile Clutch   Necr/Erth      0%         N/A       100%        5
 Excruciating Wounds      Necr           0%         N/A       100%        5
 Fireball                 Conj/Fire      0%         3d3       100%        5
 Iskenderun's Battlesphe  Conj           0%         2d6       100%        5
 Lee's Rapid Deconstruct  Erth           0%         3d5*      100%        5
 Lightning Bolt           Conj/Air       0%         1d11      100%        5
 Manifold Assault         Tloc           0%         N/A       100%        5
 Silence                  Hex/Air        0%         N/A       100%        5
 Summon Mana Viper        Hex/Summ       0%         N/A       100%        5
 Conjure Ball Lightning   Conj/Air       0%         3x3d6     100%        6
 Death Channel            Necr           0%         N/A       100%        6
 Simulacrum               Ice/Necr       0%         N/A       100%        6
 Haunt                    Necr/Summ      0%         N/A       100%        7
 Monstrous Menagerie      Summ           0%         N/A       100%        7
 Orb of Destruction       Conj           0%         9d5       100%        7
 Infestation              Necr           0%         N/A       100%        8
 Lehudib's Crystal Spear  Conj/Erth      0%         10d2      100%        8
 Necromutation            Tmut/Necr      0%         N/A       100%        8
 Chain Lightning          Conj/Air       0%         N/A       100%        9
 Fire Storm               Conj/Fire      0%         5d1       100%        9
 Shatter                  Erth           0%         3d5*      100%        9


Dungeon Overview and Level Annotations

Branches:
Dungeon (15/15)            Temple (1/1) D:5            Lair (6/6) D:8
  Swamp (4/4) Lair:3        Snake (4/4) Lair:4        Slime (0/5) Lair:5
    Orc (2/2) D:12            Elf (3/3) Orc:2        Vaults (5/5) D:14
  Crypt (0/3) Vaults:2     Depths (3/4) D:15         Bailey (visited)
  IceCv (visited)         Gauntlet (visited)

Altars:
Ashenzari
Cheibriados
Dithmenos
Elyvilon
Fedhas
Gozag
Hepliaklqana
Kikubaaqudgha
Makhleb
Nemelex Xobeh
Okawaru
Qazlal
Ru
Sif Muna
Trog
Uskayaw
Vehumet
Wu Jian
Xom
Yredelemnul
Zin
The Shining One

Shops:
D:11 (   Orc:1 !   Orc:2 =[**   Elf:1 *   Snake:3 :=   Snake:4 *

Portals:
Hell: Depths:1 Depths:2 Depths:3
Pandemonium: Depths:1 Depths:2

Annotations:
D:3 exclusion: downstairs
D:10 2 transporters, zishaf's ghost, journeyman TeNe
Snake:2 6 transporters
Elf:2 Jorgrun
Elf:3 Roxanne


Innate Abilities, Weirdness & Mutations

You are small and have problems with some larger weapons.
You are completely attuned to the shadows.


Message History

You hit the iron troll.
The iron troll is almost dead.
The iron troll bites you!
The iron troll claws you but does no damage.
You block the iron troll's attack.
You hit the iron troll but do no damage.
The iron troll is almost dead.
Unknown command.
You puncture the iron troll! You burn the iron troll.
The iron troll is almost dead.
Your shadow hits the iron troll but does no damage.
You puncture the iron troll!
You kill the iron troll!
Dithmenos accepts your kill.
Unknown command.
No target in view!
Unknown command.
There is a stone staircase leading down here.
You start resting.
HP restored.
You fly downwards.
The walking crystal tome erupts in a flurry of living spells! x2
There is a stone staircase leading up here.
Unknown command.
The walking crystal tome completely misses you.
The living spell casts itself at you.
The crystal spear reflects off an invisible shield around you!
The crystal spear hits the walking crystal tome!!!!
The living spell casts itself at you. The crystal spear hits you!!!
You emit a cloud of dark smoke.
The living spell casts itself at you. The crystal spear hits you!!
The fire dragon misses you. You block the fire dragon's attack.
The fire dragon tramples you but does no damage.
The living spell casts itself at you. The crystal spear hits you!!!
* * * LOW HITPOINT WARNING * * *
The living spell casts itself at you. The crystal spear hits you!!!
You die...

...[T###+ ##≈≈≈ #'#†..#[ ####.#
##≈≈≈. ....[..#####
#......####≈≈≈.≈
....#......#######.........#≈≈...
....+......................'..≈.≈
....#...#..D.).............'...≈.
....#'#######÷#..##.##..##.'..≈.≈
#'#....... #.##D##[##..##.#≈≈...
..#....... #...#@§§......+.#≈≈≈.≈
..+........'...#§;*......#.##≈≈≈.
###........#####*#####..### ##≈≈≈
########. #.÷..##### ##≈≈ +......
##≈ #...... ## ####### #


You could see a walking crystal tome, a fire dragon and 2 living crystal spells.

Vanquished Creatures
  2 dread liches (Vaults:5)
  An ancient lich (Vaults:5)
  Boris (Vaults:5)
  A shard shrike (IceCv)
  Bai Suzhen (Snake:4)
  Nikola (Vaults:1)
  3 golden dragons (Vaults:5)
  2 liches
  3 tentacled monstrosities
  4 titans
  Asterion (Elf:3)
  2 deep elf blademasters (Elf:3)
  2 walking divine tomes (Depths:2)
  2 quicksilver dragons
  2 deep elf master archers (Elf:3)
  5 sphinxes
  Kirke (Swamp:2)
  3 storm dragons
  5 tengu reavers
  2 fenstrider witches
  6 nagarajas
  4 deep elf sorcerers
  An iron dragon (Vaults:5)
  14 frost giants
  9 fire giants
  2 orc warlords
  14 vault wardens
  Aizul (Swamp:3)
  3 ghouls (Swamp:4)
  A deep elf elementalist (Elf:3)
  21 very ugly things
  17 ironbound preservers
  12 stone giants
  A war gargoyle (Vaults:5)
  5 eleionomae
  6 ironbound thunderhulks
  10 deep elf demonologists
  9 deep elf annihilators
  An entropy weaver (Vaults:4)
  4 dire elephants (Vaults:1)
  A white draconian (IceCv)
  4 bunyips
  A spark wasp (Depths:2)
  A minotaur (Gauntlet)
  2 green deaths (Swamp:4)
  A blizzard demon (Gauntlet)
  10 deep elf death magi
  2 crystal guardians (Vaults:3)
  11 ettins
  4 fire dragons
  5 deep elf high priests
  Josephine (D:12)
  2 shambling mangroves
  3 jiangshi (Depths:1)
  15 yaktaur captains
  Fannar (D:10)
  34 vault guards
  11 hydras
  A hell beast (Swamp:4)
  6 ogre magi
  3 boulder beetles
  3 great orbs of eyes
  8 ironbound frosthearts
  An anaconda (shapeshifter) (Vaults:5)
  2 salamander tyrants (Snake:4)
  4 ice dragons
  7 anacondas
  2 catoblepae
  3 ghost crabs
  17 naga warriors
  8 centaur warriors
  A peacekeeper (Vaults:3)
  5 spriggan air magi
  9 alligators
  13 dancing weapons
  4 deep troll shamans
  2 tengu warriors
  23 two-headed ogres
  A two-headed ogre (shapeshifter) (Vaults:3)
  2 vampire magi (Depths:1)
  9 death yaks (Lair:6)
  9 deep troll earth magi
  Urug (D:10)
  Nergalle (D:10)
  19 naga sharpshooters
  3 shock serpents (Snake:3)
  6 deep elf knights
  A spriggan berserker (Depths:1)
  7 hell knights (Depths:3)
  5 salamander mystics
  Amaemon (D:11)
  A shadow wraith (Vaults:3)
  A soul eater (Depths:2)
  5 skeletal warriors (D:13)
  A sixfirhy (Depths:2)
  7 goliath frogs
  7 iron trolls
  2 glowing orange brains
  A flayed ghost (Vaults:5)
  6 naga ritualists
  A death drake (shapeshifter) (Elf:1)
  8 swamp dragons
  A spriggan druid (Swamp:1)
  45 deep trolls
  9 deep elf archers
  An orange crystal statue (IceCv)
  6 bog bodies
  9 lindwurms
  15 deep elf pyromancers
  3 necromancers
  5 phantasmal warriors
  6 wizards
  15 ironbound convokers
  16 deep elf zephyrmancers
  10 orc knights
  A lindwurm (shapeshifter) (Vaults:5)
  An oklob plant (Snake:3)
  A frost giant zombie (Depths:2)
  A shadow dragon skeleton (Depths:2)
  2 orc sorcerers
  21 salamanders
  8 mana vipers
  42 ugly things
  A will-o-the-wisp (Swamp:2)
  2 manticores
  53 black mambas
  16 elephants
  9 cyclopes
  Joseph (D:9)
  6 guardian serpents
  A rust devil (Depths:1)
  A frost giant skeleton (Vaults:2)
  17 vault sentinels
  4 orange demons
  24 naga magi
  2 unseen horrors
  A gargoyle (D:11)
  10 cane toads
  20 rime drakes
  A yaktaur zombie (Vaults:3)
  Maggie (D:9)
  A hellion (Depths:1)
  19 yaktaurs
  A komodo dragon (shapeshifter) (Elf:1)
  3 kobold demonologists
  6 freezing wraiths
  7 komodo dragons
  A hellwing (Depths:1)
  2 tengu conjurers (D:14)
  A tormentor (Depths:2)
  2 yaktaur skeletons (Vaults:3)
  5 tyrant leeches
  3 red devils
  10 trolls
  A bloated husk (Swamp:2)
  A queen bee (D:13)
  A tengu simulacrum (Depths:2)
  6 meliai (D:13)
  21 blink frogs
  13 hornets
  18 polar bears
  A wind drake (shapeshifter) (Vaults:3)
  59 slime creatures
  Prince Ribbit (D:8)
  10 dream sheep
  An ettin zombie (Vaults:3)
  A jumping spider (shapeshifter) (D:14)
  4 centaur simulacra
  10 spriggans
  A ynoxinul (Depths:1)
  2 air elementals
  5 shadows
  3 wyverns
  2 vampires
  A human (shapeshifter) (D:13)
  Grum (D:9)
  59 yaks
  2 large abominations (Swamp:4)
  3 water elementals
  5 wraiths
  5 fire elementals
  4 basilisks
  4 steam dragons
  A warg (D:15)
  4 vampire mosquitoes
  A yaktaur simulacrum (Vaults:2)
  3 redbacks
  37 nagas
  18 swamp worms
  A harpy simulacrum (Gauntlet)
  3 acid dragons
  29 water moccasins
  3 sky beasts
  2 ice beasts
  A meliai simulacrum (Gauntlet)
  2 swamp drakes
  3 black bears
  28 orc warriors
  2 spriggan simulacra (Depths:2)
  33 ogres
  12 boggarts
  2 phantoms
  18 wolves
  11 centaurs
  7 kobold brigands
  14 bullfrogs
  An earth elemental (Elf:3)
  2 necrophages
  An ogre simulacrum (Vaults:2)
  A scorpion (Lair:3)
  9 wights
  25 killer bees
  4 electric eels
  8 howler monkeys
  7 hounds
  3 jellies
  20 orc priests
  2 gnoll shamans
  14 orc wizards
  Natasha (thrice) (D:2)
  11 iguanas
  8 gnolls
  5 adders
  A shadow imp (D:6)
  An ufetubus (D:5)
  A worm (shapeshifter) (Vaults:5)
  A worm (D:4)
  2 dart slugs
  73 orcs
  6 ball pythons
  3 endoplasms
  11 giant cockroaches
  12 goblins
  2 hobgoblins
  6 jackals
  5 quokkas
  3 bats
  A frilled lizard (D:1)
  21 kobolds
  A rat (D:3)
1724 creatures vanquished.

Vanquished Creatures (collateral kills)
  A war gargoyle (Vaults:5)
  An ice dragon (IceCv)
2 creatures vanquished.

Vanquished Creatures (others)
  A deep elf sorcerer (Elf:3)
  18 fungi
  56 plants
75 creatures vanquished.

Grand Total: 1801 creatures vanquished

Notes
Turn   | Place    | Note
-------+----------+-------------------------------------------
     0 | D:1      | holysushi the Kobold Monk began the quest for the Orb.
     0 | D:1      | Reached XP level 1. HP: 14/14 MP: 1/1
   121 | D:1      | Found a faded altar of an unknown god.
   249 | D:1      | Reached XP level 2. HP: 19/19 MP: 2/2
   743 | D:1      | Reached XP level 3. HP: 24/24 MP: 3/3
   745 | D:1      | Reached skill level 5 in Short Blades
  1396 | D:2      | Reached XP level 4. HP: 16/29 MP: 4/4
  1828 | D:2      | Noticed Natasha
  1839 | D:2      | Killed Natasha
  2079 | D:2      | Noticed Natasha
  2083 | D:2      | Killed Natasha
  2084 | D:2      | Reached XP level 5. HP: 33/33 MP: 5/5
  2479 | D:2      | Noticed Natasha
  2487 | D:2      | Killed Natasha
  3538 | D:4      | Reached skill level 5 in Dodging
  3538 | D:4      | Reached XP level 6. HP: 39/39 MP: 6/6
  3578 | D:4      | Noticed an ogre
  4846 | D:4      | Reached XP level 7. HP: 36/44 MP: 7/7
  5009 | D:4      | Reached skill level 5 in Fighting
  5574 | D:5      | Entered Level 5 of the Dungeon
  5759 | D:5      | Found a staircase to the Ecumenical Temple.
  5774 | Temple   | Entered the Ecumenical Temple
  5934 | Temple   | Became a worshipper of Dithmenos the Shadowed
  5934 | Temple   | Reached * piety under Dithmenos
  5934 | Temple   | Reached ** piety under Dithmenos
  5968 | D:5      | Reached XP level 8. HP: 50/50 MP: 8/8
  7486 | D:6      | Found a white marble altar of Elyvilon.
  7589 | D:6      | Reached XP level 9. HP: 56/56 MP: 9/9
  8232 | D:6      | Found a hazy altar of Hepliaklqana.
  8265 | D:6      | Found a basalt altar of Yredelemnul.
  8351 | D:6      | Identified the +10 dagger of Iriosh {vorpal, Fly}
  8364 | D:7      | Identified a scroll of acquirement
  8364 | D:7      | Acquired the ring "Xaifaz" {Will+ EV+4 Str+2 Int+2 SInv}
  8402 | D:7      | Reached skill level 10 in Dodging
  8517 | D:7      | Found a flagged portal.
  8523 | Bailey   | Entered a bailey
  8791 | Bailey   | Reached skill level 1 in Invocations
  9024 | Bailey   | Reached skill level 5 in Stealth
  9024 | Bailey   | Reached XP level 10. HP: 63/63 MP: 11/11
  9044 | Bailey   | Reached *** piety under Dithmenos
  9153 | Bailey   | Acquired the +4 pair of boots of the Manifold Defenders
                  | {Str+3 Stlth+}
  9175 | Bailey   | Noticed an orc knight
  9706 | D:7      | Reached skill level 10 in Short Blades
 10227 | D:8      | Found a glowing silver altar of Zin.
 10798 | D:8      | Reached XP level 11. HP: 61/69 MP: 12/12
 11150 | D:8      | Found a staircase to the Lair.
 11235 | D:8      | Noticed Prince Ribbit
 11239 | D:8      | Killed Prince Ribbit
 11958 | D:9      | Reached **** piety under Dithmenos
 12018 | D:9      | Noticed Grum
 12020 | D:9      | Killed Grum
 12077 | D:9      | Noticed Joseph
 12081 | D:9      | Killed Joseph
 12282 | D:9      | Noticed Maggie
 12286 | D:9      | Killed Maggie
 12700 | D:10     | Entered Level 10 of the Dungeon
 12720 | D:10     | Noticed Urug
 12896 | D:11     | Noticed a two-headed ogre
 12908 | D:11     | Killed a two-headed ogre
 12994 | D:11     | Found a bloodstained altar of Trog.
 13232 | D:11     | Found Zihour's Antique Weapon Emporium.
 13254 | D:11     | Noticed a two-headed ogre
 13258 | D:11     | Killed a two-headed ogre
 13259 | D:11     | Reached skill level 5 in Evocations
 13287 | D:11     | Noticed a cyan ugly thing
 13299 | D:11     | Killed a cyan ugly thing
 13450 | D:11     | Reached XP level 12. HP: 77/77 MP: 13/13
 13760 | D:11     | Noticed Amaemon
 13765 | D:11     | Killed Amaemon
 14365 | D:11     | Reached ***** piety under Dithmenos
 14413 | D:10     | Reached skill level 10 in Stealth
 14434 | D:10     | Noticed Nergalle
 14440 | D:10     | Killed Nergalle
 14595 | D:10     | Noticed Fannar
 14944 | D:10     | Killed Fannar
 14945 | D:10     | Reached skill level 15 in Dodging
 15116 | D:10     | Killed Urug
 15174 | D:10     | Noticed a two-headed ogre
 15188 | D:10     | Killed a two-headed ogre
 15373 | D:10     | Found a transporter.
 15379 | D:10     | Noticed zishaf's ghost (journeyman TeNe)
 15380 | D:10     | Found a transporter.
 15474 | D:10     | Noticed a two-headed ogre
 15602 | Lair:1   | Entered Level 1 of the Lair of Beasts
 15745 | Lair:1   | Noticed a four-headed hydra
 15749 | Lair:1   | Killed a four-headed hydra
 15750 | Lair:1   | Reached skill level 10 in Fighting
 15872 | Lair:1   | Reached XP level 13. HP: 82/82 MP: 14/14
 16196 | Lair:1   | Noticed a seven-headed hydra
 16200 | Lair:1   | Killed a seven-headed hydra
 16656 | Lair:1   | Found a sacrificial altar of Ru.
 17263 | Lair:2   | Noticed a four-headed hydra
 17267 | Lair:2   | Killed a four-headed hydra
 18196 | Lair:3   | Noticed a four-headed hydra
 18198 | Lair:3   | Killed a four-headed hydra
 18253 | Lair:3   | Found a staircase to the Swamp.
 18350 | Lair:3   | Noticed a fire dragon
 18354 | Lair:3   | Killed a fire dragon
 18368 | Lair:3   | Identified the +12 hand axe "Coobb" {vorpal, Will+}
 18678 | Lair:3   | Reached ****** piety under Dithmenos
 19008 | Lair:3   | Reached XP level 14. HP: 91/91 MP: 15/15
 19245 | Lair:4   | Identified the +5 ring mail of Vublenipn {rPois rCorr MP-9
                  | Dex+2}
 19400 | Lair:4   | Found a staircase to the Snake Pit.
 19879 | Lair:4   | Reached skill level 15 in Stealth
 20867 | Lair:5   | Found a basalt altar of Yredelemnul.
 21007 | Lair:5   | Found a staircase to the Slime Pits.
 21546 | Lair:6   | Entered Level 6 of the Lair of Beasts
 22907 | Lair:6   | Reached XP level 15. HP: 97/97 MP: 16/16
 26150 | D:12     | Found a staircase to the Orcish Mines.
 26192 | D:12     | Noticed Josephine
 26197 | D:12     | Killed Josephine
 26699 | Orc:1    | Entered Level 1 of the Orcish Mines
 26896 | Orc:2    | Entered Level 2 of the Orcish Mines
 27880 | Orc:2    | Reached XP level 16. HP: 97/103 MP: 17/17
 27955 | Orc:2    | Found Niwiru Puorch's Armour Emporium.
 27955 | Orc:2    | Found Gusmeh's Jewellery Boutique.
 28039 | Orc:2    | Found Koaqo's Assorted Antiques.
 28039 | Orc:2    | Found Bas Quagh's Assorted Antiques.
 28044 | Orc:2    | Bought the ring of Ethics {Fly rPois Will+ Str-3} for 392
                  | gold pieces
 28047 | Orc:2    | Bought a runed wooden wand for 96 gold pieces
 28129 | Orc:2    | Found a staircase to the Elven Halls.
 28653 | Orc:1    | Found Durghe's Distillery.
 28658 | Orc:1    | Bought a potion of haste for 160 gold pieces
 28658 | Orc:1    | Bought a potion of might for 64 gold pieces
 28658 | Orc:1    | Bought a potion of haste for 160 gold pieces
 28658 | Orc:1    | Bought a potion of berserk rage for 80 gold pieces
 28658 | Orc:1    | Bought a potion of might for 64 gold pieces
 28658 | Orc:1    | Bought a potion of curing for 48 gold pieces
 29223 | D:13     | Found a gate leading to a gauntlet.
 29233 | Gauntlet | Entered a Gauntlet
 29233 | Gauntlet | Found a transporter.
 29254 | Gauntlet | Found a transporter.
 29275 | Gauntlet | Found a transporter.
 29282 | Gauntlet | Found a large runed translucent door.
 29282 | Gauntlet | Found a large runed translucent door.
 29283 | Gauntlet | Found a large runed translucent door.
 29283 | Gauntlet | Found a large runed translucent door.
 29288 | Gauntlet | Found a transporter.
 29309 | Gauntlet | Found a transporter.
 29319 | Gauntlet | Found a transporter.
 29344 | Gauntlet | Found a transporter.
 29365 | Gauntlet | Found a transporter.
 29372 | Gauntlet | Found a large runed translucent door.
 29373 | Gauntlet | Found a large runed translucent door.
 29373 | Gauntlet | Found a large runed translucent door.
 29373 | Gauntlet | Found a large runed translucent door.
 29385 | Gauntlet | Found a transporter.
 29399 | Gauntlet | Found a transporter.
 29609 | Gauntlet | Found a transporter.
 29612 | Gauntlet | Found a transporter.
 29630 | Gauntlet | Found a large runed translucent door.
 29630 | Gauntlet | Found a large runed translucent door.
 29630 | Gauntlet | Found a large runed translucent door.
 29630 | Gauntlet | Found a large runed translucent door.
 29631 | Gauntlet | Found a runed translucent door.
 29631 | Gauntlet | Found a runed translucent door.
 29632 | Gauntlet | Found a large runed translucent door.
 29632 | Gauntlet | Found a large runed translucent door.
 29632 | Gauntlet | Found a large runed translucent door.
 29632 | Gauntlet | Found a large runed translucent door.
 29635 | Gauntlet | Found a runed translucent gate.
 29635 | Gauntlet | Found a runed translucent gate.
 29635 | Gauntlet | Found a runed translucent gate.
 29637 | Gauntlet | Found a transporter.
 29641 | Gauntlet | Found a transporter.
 29647 | Gauntlet | Identified the +0 pair of gloves of Midnight {-Tele Str+6}
 29931 | Gauntlet | Identified the +2 helmet of Beauty {rPois Will+}
 30156 | D:13     | Identified the +5 flail of Pegidec {elec, +Blink}
 30577 | D:13     | Identified the +1 leather armour of Youthful Indiscretion
                  | {Contam Int+5 Dex+4}
 30608 | D:13     | Acquired a +5 quick blade
 31293 | D:14     | Found a gate to the Vaults.
 31835 | D:15     | Entered Level 15 of the Dungeon
 32029 | D:15     | Found a staircase to the Depths.
 32235 | D:15     | Got the Incunabulum of Conjuration and the Oath
 32338 | D:15     | Reached XP level 17. HP: 93/108 MP: 18/18
 33418 | Elf:1    | Entered Level 1 of the Elven Halls
 34183 | Elf:1    | Got Ucses's Guide on Conjuration
 34462 | Elf:1    | Found Wouk's CLEARANCE SALE!.
 34467 | Elf:1    | Bought a potion of mutation for 32 gold pieces
 34467 | Elf:1    | Bought a scroll of enchant weapon for 30 gold pieces
 34724 | Elf:2    | Noticed Jorgrun
 35404 | Elf:2    | Reached skill level 5 in Invocations
 35766 | Elf:3    | Entered Level 3 of the Elven Halls
 35933 | Elf:3    | Identified Roxanne's Catalogue of Shape Shifting
 35933 | Elf:3    | Noticed Roxanne
 36219 | Elf:3    | Noticed a deep elf master archer
 36226 | Elf:3    | Killed a deep elf master archer
 36226 | Elf:3    | Noticed a deep elf master archer
 36227 | Elf:3    | Reached skill level 10 in Invocations
 36230 | Elf:3    | Noticed an Ice Fiend
 36235 | Elf:3    | Reached XP level 18. HP: 110/114 MP: 19/25
 36243 | Elf:3    | Killed a deep elf master archer
 36321 | Elf:3    | Noticed a Brimstone Fiend
 36324 | Elf:3    | Noticed a deep elf blademaster
 36347 | Elf:3    | Killed a deep elf blademaster
 36393 | Elf:3    | Noticed a Brimstone Fiend
 36395 | Elf:3    | Noticed a deep elf blademaster
 36409 | Elf:3    | Killed a deep elf blademaster
 36412 | Elf:3    | Killed a ghostly deep elf blademaster
 36673 | Elf:3    | Identified the ring "Liam" {rF++ EV+4}
 36693 | Elf:3    | Identified the +7 broad axe "Conservator" {vamp, *Noise rC+
                  | rN+++ Stlth+}
 36751 | Elf:3    | Identified the +5 hunting sling "Gungy" {vorpal, rElec rF++
                  | rN+}
 36764 | Elf:3    | Got the Compendium of the Venomous Rocks
 36765 | Elf:3    | Found the +12 glaive of Prune {vorpal}
 36768 | Elf:3    | Got the Volume of Displacement
 36788 | Elf:3    | Identified the +5 spear "Leiniho" {antimagic, Str+4}
 36793 | Elf:3    | Identified the +1 double sword of Glory {vorpal, Fragile
                  | rElec rPois}
 36802 | Elf:3    | Identified the +2 robe "Gerrainn" {Rampage Drain Fly
                  | Slay+6}
 37197 | Elf:3    | Noticed Asterion
 37200 | Elf:3    | Killed Asterion
 38132 | Snake:1  | Entered Level 1 of the Snake Pit
 38243 | Snake:1  | Reached skill level 15 in Short Blades
 39477 | Snake:2  | Found a transporter.
 39478 | Snake:2  | Found a transporter.
 39712 | Snake:2  | Found a transporter.
 39715 | Snake:2  | Found a transporter.
 39826 | Snake:2  | Reached XP level 19. HP: 120/120 MP: 29/29
 40018 | Snake:2  | Found a transporter.
 40020 | Snake:2  | Found a transporter.
 40685 | Snake:2  | Identified the +1 scale mail "Foasib" {Rampage *Corrode
                  | rElec rN++}
 40781 | Snake:3  | Found Arudwo's Book Boutique.
 40781 | Snake:3  | Found Uvusutown's Book Boutique.
 40782 | Snake:3  | Found Maja's Jewellery Shoppe.
 40789 | Snake:3  | Bought the amulet of the Camelopard {Reflect Regen+ SH+5}
                  | for 444 gold pieces
 41520 | Snake:3  | Found a hide-covered altar of Uskayaw.
 42280 | Snake:4  | Entered Level 4 of the Snake Pit
 42318 | Snake:4  | Noticed Bai Suzhen
 42322 | Snake:4  | Killed Bai Suzhen
 42381 | Snake:4  | Found Yguoq's General Store.
 42387 | Snake:4  | Bought a scroll of teleportation for 42 gold pieces
 42387 | Snake:4  | Bought a scroll of teleportation for 42 gold pieces
 42387 | Snake:4  | Bought a wand of digging (7) for 308 gold pieces
 42387 | Snake:4  | Bought a wand of iceblast (5) for 126 gold pieces
 42753 | Snake:4  | Reached skill level 15 in Invocations
 42823 | Snake:4  | Reached XP level 20. HP: 128/128 MP: 31/31
 42864 | Snake:4  | Reached skill level 15 in Fighting
 43003 | Snake:4  | Got a serpentine rune of Zot
 43447 | Swamp:1  | Entered Level 1 of the Swamp
 43710 | Swamp:1  | You are sucked into a shaft and drop 1 floor!
 43893 | Swamp:2  | Learned a level 1 spell: Apportation
 44360 | Swamp:2  | Found a broken altar of Ashenzari.
 44593 | Swamp:2  | Noticed Kirke
 44605 | Swamp:2  | Killed Kirke
 44690 | Swamp:3  | Found a frozen archway.
 44700 | IceCv    | Entered an ice cave
 45177 | IceCv    | Noticed a shard shrike
 45444 | IceCv    | Killed a shard shrike
 46056 | Swamp:3  | Noticed Aizul
 46060 | Swamp:3  | Killed Aizul
 46448 | Swamp:4  | Entered Level 4 of the Swamp
 46487 | Swamp:4  | Reached XP level 21. HP: 134/134 MP: 32/32
 46928 | Swamp:4  | Got a decaying rune of Zot
 46968 | Swamp:4  | Identified the +6 hand axe "Iraapoh" {vamp, rF+ rC+ Int-3}
 47380 | Vaults:1 | Entered Level 1 of the Vaults
 47524 | Vaults:1 | Noticed Nikola
 47526 | Vaults:1 | Killed Nikola
 47849 | Vaults:1 | Reached skill level 27 in Stealth
 47940 | Vaults:1 | Identified the +4 hunting sling of Bread {venom, rElec}
 48163 | Vaults:1 | Reached XP level 22. HP: 120/140 MP: 33/33
 49883 | Vaults:2 | You are sucked into a shaft and drop 1 floor!
 50733 | Vaults:3 | Reached skill level 10 in Evocations
 50768 | Vaults:3 | Identified the +8 rapier of Victory {vorpal, Contam rElec
                  | Str+2}
 51357 | Vaults:3 | Reached XP level 23. HP: 144/144 MP: 34/34
 51612 | Vaults:2 | Found a staircase to the Crypt.
 51612 | Vaults:2 | Found a basalt altar of Yredelemnul.
 51612 | Vaults:2 | Found an ancient bone altar of Kikubaaqudgha.
 53142 | Vaults:5 | Entered Level 5 of the Vaults
 53172 | Vaults:5 | Noticed Boris
 53175 | Vaults:5 | Killed Boris
 53207 | Vaults:5 | Noticed a dread lich
 53260 | Vaults:5 | Got the Grimoire of Necromancy and Toxins
 53383 | Vaults:5 | Noticed a golden dragon
 53414 | Vaults:5 | Killed a golden dragon
 53461 | Vaults:5 | Identified the +0 ring mail "Tab Zian" {rCorr Str+3}
 53714 | Vaults:5 | Noticed an ancient lich
 53717 | Vaults:5 | Killed an ancient lich
 53731 | Vaults:5 | Reached skill level 27 in Dodging
 53736 | Vaults:5 | Noticed a golden dragon
 53738 | Vaults:5 | Killed a golden dragon
 53881 | Vaults:5 | Killed a dread lich
 54051 | Vaults:5 | Noticed a dread lich
 54075 | Vaults:5 | Reached XP level 24. HP: 149/150 MP: 34/34
 54084 | Vaults:5 | Killed a dread lich
 54315 | Vaults:5 | Noticed an ancient lich
 54431 | Vaults:5 | Identified the +4 broad axe of Insufficient Pleasure
                  | {spect, rPois}
 54547 | Vaults:5 | Noticed a golden dragon
 54574 | Vaults:5 | Killed a golden dragon
 54621 | Vaults:5 | Identified the +0 chain mail "Utimug" {Will+ Int+8}
 54760 | Vaults:5 | Identified the amulet "Xophe" {Faith Rampage Fragile rC+
                  | Int+3}
 54769 | Vaults:5 | Identified the +7 arbalest of Doomed Trial by Ordeal {elec,
                  | rPois}
 54833 | Vaults:5 | Got a silver rune of Zot
 55292 | Depths:1 | Entered Level 1 of the Depths
 55622 | Depths:1 | Found a gateway to Hell.
 55824 | Depths:1 | Found a one-way gate leading to the halls of Pandemonium.
 57109 | Depths:2 | Got the Tome of Fetching Translocation
 57130 | Depths:2 | Found a runed translucent door.
 58745 | Depths:2 | Identified the +6 long sword of Circular Logic {vamp, rF+
                  | rN+ Str-3}
 58862 | Depths:2 | Reached XP level 25. HP: 122/159 MP: 35/35
 59211 | Depths:2 | Identified the ring "Goyryes" {Fire Slay+3}
 60100 | Depths:3 | HP: 1/160 [living spell/crystal spear[a walking crystal
                  | tome] (68)]
 60100 | Depths:3 | Killed from afar by a living spell

Illustrated notes

Levels and vault maps discovered:
D:1:      kilobyte_arrival_exit_the_forest, layout_loops_cross,
          hellmonk_ecumenical_altar_run_dry, minmay_pentomino_w4
D:2:      layout_loops_ring, serial_forest, infiniplex_forest_straight_5,
          infiniplex_forest_straight_3, infiniplex_forest_lined_1,
          infiniplex_forest_straight_3, infiniplex_forest_lined_room_2,
          infiniplex_forest_3_way, uniq_natasha
D:3:      minmay_roachtagon, layout_rooms, minmay_misc_feat_doors
D:4:      layout_rooms, chequers_mini_garden
D:5:      layout_cave_pods, minmay_temple_entry_proselytizer
D:6:      layout_rooms, elyvilon_altar_5, mainiacjoe_overflow_two_lobes,
          grunt_ministairs_11
D:7:      layout_cave_pools, enter_bailey_8
D:8:      layout_cave_pools, zin_statuary, erik_lair_island,
          serial_co_window_serial, co_window_of_opportunity_a,
          co_window_paths_b, co_window_corner_a, co_window_paths_a,
          co_window_corner_a, co_window_paths_a, co_window_paths_a,
          co_window_paths_a, co_window_corner_a, co_window_2corner,
          co_window_of_opportunity_c, co_window_unsneaky_path_a,
          co_window_corner_cb, co_window_broadway_c, co_window_paths_c,
          co_window_paths_e, glass_columns_b, uniq_prince_ribbit1
D:9:      layout_basic, uniq_grum, uniq_joseph, uniq_maggie
D:10:     layout_rooms, gammafunk_ghost_smash, lightli_minifort, uniq_urug,
          uniq_nergalle, uniq_fannar
D:11:     layout_stronghold, serial_shops, nicolae_diamond_shop,
          trog_three_pillars_becter, uniq_amaemon
D:12:     layout_small_grid, david_orc_4, uniq_josephine
D:13:     layout_roguey [special_room_bee], gauntlet_entry_generic
D:14:     layout_basic, david_vaults_5, minmay_misc_feat_plants
D:15:     hangedman_depths_entry_civil_slaughter, layout_rooms,
          small_statue_alley_a
Temple:   mainiacjoe_temple_coin_purse
Lair:1:   layout_cave_pods, basic_altar, st_stairs_9,
          infiniplex_staircase_pool_2, grunt_megastairs_4
Lair:2:   layout_regular_city
Lair:3:   dragon1_lemuel, layout_chaotic_city, swamp_mist
Lair:4:   layout_misc_corridors, minmay_snake_entry_six_corridors
Lair:5:   layout_long_grid, minmay_slime_entry_pillars, basic_altar
Lair:6:   guppyfry_lair_end_dragon, layout_cave_pods, lemuel_fruit_tree
Swamp:1:  layout_basic_swamp, evilmike_swamp_ruin_house_5
Swamp:2:  layout_basic_swamp, lemuel_altar_in_water, swamp_pool1, uniq_kirke
Swamp:3:  layout_basic_swamp, portal_ice_cave_entry_frozen_things,
          evilmike_swamp_ruin_house_2, swamp_pool1, uniq_aizul
Swamp:4:  swamp_vile, layout_basic_swamp, swamp_pool3
Snake:1:  layout_gridlike, hangedman_venom_bottle
Snake:2:  nicolae_snake_nest, layout_chambers, st_stairs_11,
          serial_nicolae_subway, nicolae_sub_station_stone,
          nicolae_sub_station_crystal, nicolae_sub_station_metal
Snake:3:  dpeg_oklob_gauntlet, layout_layer_cave, basic_altar,
          nicolae_snake_lava_pool, minmay_shop_grove
Snake:4:  snake_pit, layout_misc_corridors, serial_shops, shop, uniq_bai_suzhen
Orc:1:    layout_caves, serial_shops, nicolae_shop_trees
Orc:2:    st_orc_ogre_mass, layout_diamond_mine
Elf:1:    eino_elf_arrival_the_gate, layout_geoelf_octagon,
          minmay_elf_annihilation, nicolae_shop_clearance
Elf:2:    elven_hall_of_blades_hangedman_original [mumra_blade_entry_bloodbath],
          layout_geoelf_grid, palyth_stone_intersect, uniq_jorgrun
Elf:3:    elf_hall, layout_loops_corners, st_stairs_13, uniq_asterion,
          uniq_roxanne
Vaults:1: nicolae_vaults_network_square, vaults_room_glass_cross,
          nicolae_vaults_stairing_the_circle, nicolae_vaults_inception_statues,
          vaults_room_stairs_pillars, nicolae_vaults_network_star,
          hangedman_vaults_slice, nicolae_vaults_twisting_passages,
          hangedman_vaults_maws, v_misc_15, ontoclasm_vaults_twist,
          ontoclasm_vaults_decontamination, layout_vaults_maze_snakey,
          uniq_nikola
Vaults:2: nicolae_vaults_little_squares_3, hangedman_vaults_trim,
          hangedman_vaults_nodes, vaults_dpeg_encased_lava,
          minmay_crypt_entry_necro_gods, ontoclasm_vaults_idyll,
          hangedman_vaults_nails, nicolae_vaults_theta, v_misc_27, v_misc_3,
          nicolae_vaults_sealed_display, nicolae_vaults_specimen_jars,
          v_misc_25, vaults_dpeg_diagonal, layout_vaults_omnibox
Vaults:3: nicolae_vaults_puzzle_piece, vaults_mumra_chevron_long,
          nicolae_vaults_mini_display_case, dpeg_vaults_waves, v_rooms_5,
          v_misc_13, vaults_standard_mumra_x, hangedman_vaults_trim, v_misc_3,
          layout_vaults_chaotic_city
Vaults:4: ontoclasm_vaults_chip, nicolae_vaults_little_squares_2,
          vaults_dpeg_hooks, v_misc_17, vaults_room_stairs_pillars,
          ontoclasm_vaults_gateway, vaults_room_corners, layout_vaults_omnigrid
Vaults:5: serial_shops, uniq_boris
Depths:1: layout_long_grid, serial_sigils_hangedman_carve,
          rand_demon_pan_entry_1, hell_entry, minmay_misc_feat_chi,
          grunt_ministairs_7, kennysheep_just_a_vault
Depths:2: kennysheep_large_spiral, layout_basic, rand_demon_pan_entry_9,
          hell_entry, lightli_giant_bouncers, infiniplex_staircase_x
Depths:3: hangedman_box_tower, layout_gridville, enter_ziggurat_c,
          abyss_entry_glasseish, hell_entry, kennysheep_cluttered_room,
          minmay_staircase_windowed_small

Skill      XL: |  1  2  3  4  5  6  7  8  9 10 11 12 13 14 15 16 17 18 19 20 21 22 23 24 25 |
---------------+----------------------------------------------------------------------------+-----
Short Blades   | 5 6 7 8 9 10 12 13 14 15 17 18 20 21 23 24 | 24.0
Fighting       | 4 5 6 7 8 9 10 11 12 13 14 15 16 17 | 17.2
Dodging        | 4 5 7 8 10 12 14 15 16 18 22 24 25 26 27 | 27.0
Stealth        | 3 4 5 7 9 12 14 15 16 17 19 23 27 | 27.0
Invocations    | 2 10 13 15 17 18 | 18.2
Evocations     | 6 8 10 12 | 12.0

Action                   |  1- 3 |  4- 6 |  7- 9 | 10-12 | 13-15 | 16-18 | 19-21 | 22-24 | 25-27 || total
-------------------------+-------+-------+-------+-------+-------+-------+-------+-------+-------++-------
Melee: Short sword       |    85 |   194 |   231 |       |       |       |       |       |       ||   510
       Punch             |     1 |     4 |     6 |     8 |    20 |    23 |    20 |    39 |    10 ||   131
       Dagger            |       |       |    71 |   495 |  1190 |   230 |       |       |       ||  1986
       Quick blade       |       |       |       |       |       |  1040 |  1009 |  1460 |   285 ||  3794
Invok: Shadow Step       |       |       |       |       |       |     1 |       |       |       ||     1
       Shadow Form       |       |       |       |       |       |     3 |     2 |     4 |       ||     9
Evoke: Wand              |       |       |       |     9 |    12 |    10 |       |     4 |       ||    35
       Box of beasts     |       |       |       |       |       |       |     1 |     2 |       ||     3
       Phial of floods   |       |       |       |       |       |       |     1 |     2 |       ||     3
       Condenser vane    |       |       |       |       |       |       |     1 |     1 |       ||     2
  Use: Scroll            |       |    11 |     4 |     8 |    10 |    10 |     3 |     3 |       ||    49
       Potion            |       |       |     1 |       |     3 |     4 |       |       |       ||     8
 Stab: Sleeping          |    17 |     8 |    19 |    56 |   118 |   127 |   253 |   189 |    27 ||   814
       Distracted        |       |     1 |     3 |     1 |    16 |    19 |    12 |    19 |     5 ||    76
       Paralysed         |       |       |       |     1 |     1 |       |       |       |       ||     2
       Invisible         |       |       |       |       |       |    13 |     7 |     2 |       ||    22
Armor: Robe              |     4 |    19 |     9 |     8 |       |     1 |    18 |    32 |    12 ||   103
       Steam dragon scal |       |       |       |     8 |    54 |    19 |       |       |       ||    81
Dodge: Dodged            |    37 |   160 |   245 |   370 |   794 |   766 |   398 |   808 |   132 ||  3710
Block: Other             |       |       |       |       |       |       |    70 |   126 |    23 ||   219
       Reflection        |       |       |       |       |       |       |     6 |     7 |     1 ||    14

Table legend: (Time is in decaauts)
 A = Elapsed time spent in this place.
 B = Non-inter-level travel time spent in this place.
 C = Inter-level travel time spent in this place.
 D = Time resting spent in this place.
 E = Time spent auto-exploring this place.
 F = Levels seen in this place.
 G = Mean time per level.
                   A        B        C        D        E       F      G
               +--------+--------+--------+--------+--------+-----+--------+
         Total |  56284 |  53155 |   3129 |  12464 |  28847 |  46 | 1223.6 |
       Dungeon |  19687 |  18408 |   1279 |   5549 |   9529 |  15 | 1312.5 |
        Temple |    172 |    146 |     26 |      0 |    127 |   1 |  172.0 |
          Lair |   9571 |   9071 |    500 |   2882 |   4655 |   6 | 1595.2 |
         Swamp |   2528 |   2398 |    130 |    345 |   1364 |   4 |  632.0 |
     Snake Pit |   4844 |   4659 |    185 |    440 |   3227 |   4 | 1211.0 |
  Orcish Mines |   1975 |   1816 |    159 |    369 |    955 |   2 |  987.5 |
   Elven Halls |   4098 |   3812 |    286 |   1086 |   1736 |   3 | 1366.0 |
        Vaults |   6924 |   6642 |    282 |    446 |   4188 |   5 | 1384.8 |
        Depths |   4269 |   3989 |    280 |    567 |   2620 |   3 | 1423.0 |
        Bailey |    629 |    629 |      0 |    281 |      0 |   1 |  629.0 |
      Ice Cave |    824 |    824 |      0 |    202 |    174 |   1 |  824.0 |
      Gauntlet |    757 |    757 |      0 |    295 |    272 |   1 |  757.0 |
               +--------+--------+--------+--------+--------+-----+--------+

Top non-repeatable levels by time:
  Lair:6: 3620 daAuts
Depths:2: 2942 daAuts
     D:8: 1893 daAuts
   Elf:3: 1752 daAuts
    D:12: 1745 daAuts
   Elf:1: 1722 daAuts
    D:11: 1676 daAuts
     D:4: 1658 daAuts
     D:3: 1626 daAuts
     D:2: 1569 daAuts
Vaults:5: 1568 daAuts
   Orc:2: 1544 daAuts
Vaults:3: 1504 daAuts
 Snake:3: 1495 daAuts
  Lair:5: 1458 daAuts
